 Dungeon Crawl Stone Soup version 0.32-a0-401-g0bcb2a7693 (webtiles) character file.

Game seed: 15166246144253674417

6 Asfel the Grave Robber (level 1, 0/13 HPs)
             Began as a Demonspawn Necromancer on Feb 20, 2024.
             Slain by a quokka (2 damage)
             ... on level 1 of the Dungeon.
             The game lasted 00:00:54 (310 turns).

Asfel the Grave Robber (Demonspawn Necromancer)      Turns: 310, Time: 00:00:55

Health: 0/13       AC:  2    Str:  8    XL:     1   Next: 75%
Magic:  1/3        EV: 12    Int: 15    God:
Gold:   45         SH:  0    Dex: 13    Spells: 3/4 levels left

rFire   . . .        (no weapon)
rCold   . . .        (no shield)
rNeg    . . .        a - +0 robe
rPois   .            (no helmet)
rElec   .            (no cloak)
rCorr   .            (no gloves)
SInv    .            (no boots)
Will    .....        (no amulet)
Stlth   ++           (no ring)
HPRegen 0.22/turn    (no ring)
MPRegen 0.08/turn

%: no passive effects
@: no status effects
A: no striking features
a: no special abilities


You were on level 1 of the Dungeon.
You visited 1 branch of the dungeon, and saw 1 of its levels.

You collected 45 gold pieces.

Inventory:

Armour
 a - a +0 robe (worn)
Potions
 b - a potion of magic


   Skills:
 + Level 1.7 Dodging
 + Level 2.2 Stealth
 + Level 2.1 Spellcasting
 + Level 4.3 Necromancy


You had 3 spell levels left.
You knew the following spells:

 Your Spells              Type           Power      Damage    Failure   Level
a - Necrotise             Necr           56%        1d6       3%          1

Your spell library contained the following spells:

 Spells                   Type           Power      Damage    Failure   Level
 Vampiric Draining        Necr           14%        2d7       11%         3
 Animate Dead             Necr           14%        N/A       34%         4
 Curse of Agony           Necr           14%        N/A       69%         5


Dungeon Overview and Level Annotations

Branches:
Dungeon (1/15)

Altars:


Message History

The quokka bites you.
Casting: Necrotise (safe; 3% risk of failure)
Confirm with . or Enter, or press ? or * to list all spells.
You don't have enough magic to cast this spell.
Unknown command.
Unknown command.
You swap places.
A kobold comes into view. It is wielding a +0 dagger.
The quokka bites you but does no damage.
Your goblin skeleton misses the quokka.
The kobold moves out of view.
The quokka attacks as it pursues you! The quokka bites you.
You closely miss the quokka.
The quokka is severely wounded.
The quokka barely misses you.
Your goblin skeleton closely misses the quokka.
The quokka closely misses you.
You closely miss the quokka.
The quokka is severely wounded.
The quokka misses you.
Your goblin skeleton hits the quokka but does no damage.
You closely miss the quokka.
The quokka is severely wounded.
The quokka bites you. The kobold hits you with a +0 dagger.
You barely miss the quokka.
The quokka is severely wounded.
The quokka bites you.
* * * LOW HITPOINT WARNING * * *
Your goblin skeleton barely misses the quokka.
The kobold barely misses you.
You closely miss the quokka.
The quokka is severely wounded.
The quokka closely misses you.
Your goblin skeleton hits the quokka but does no damage.
The kobold completely misses you.
You hit the quokka but do no damage.
The quokka is severely wounded.
The quokka barely misses you.
Your goblin skeleton barely misses the quokka.
The quokka bites you.
You die...

.....#.....# ..... ....#
....#$...# ####.K#.#...#
.....#._.#..# #
......#.#...# ##
.......#K...# .## .
#.....@rZ..# ..##
.....#..#######)#
...##... ...# #.##
#...##.# #.)# #..##
..#..#.# #...## #...##
#.##.#.# #.###.##..#
#..#.#.# ##)#.# ##.#
.....#.# ######...####.#
.#####.####.............#


You could see a quokka (ally target), a kobold and a friendly goblin skeleton.

Vanquished Creatures
  An endoplasm (D:1)
  A goblin (D:1)
  A kobold (D:1)
3 creatures vanquished.

Notes
Turn   | Place    | Note
-------+----------+-------------------------------------------
     0 | D:1      | Asfel the Demonspawn Necromancer began the quest for the
                  | Orb.
     0 | D:1      | Reached XP level 1. HP: 13/13 MP: 3/3
   299 | D:1      | Found a faded altar of an unknown god.
   310 | D:1      | Slain by a quokka

Illustrated notes

Levels and vault maps discovered:
D:1:      dpeg_chamrin_arrival_tetris, layout_basic,
          chequers_ecumenical_altar_simple_redux, hex_intersection

Skill      XL: |  1 |
---------------+----+-----
Stealth        | 2 |  2.2
Dodging        | |  1.7
Spellcasting   | |  2.1
Necromancy     | |  4.3

Action                     || total
---------------------------++-------
  Melee: Unarmed           ||    25
         Punch             ||     1
   Cast: Necrotise         ||     7
 Armour: Robe              ||    16
  Dodge: Dodged            ||    21

Table legend: (Time is in decaauts)
 A = Elapsed time spent in this place.
 B = Non-inter-level travel time spent in this place.
 C = Inter-level travel time spent in this place.
 D = Time resting spent in this place.
 E = Time spent auto-exploring this place.
 F = Levels seen in this place.
 G = Mean time per level.
                   A        B        C        D        E       F      G
               +--------+--------+--------+--------+--------+-----+--------+
         Total |    310 |    310 |      0 |      0 |    250 |   1 |  310.0 |
       Dungeon |    310 |    310 |      0 |      0 |    250 |   1 |  310.0 |
               +--------+--------+--------+--------+--------+-----+--------+

Top non-repeatable levels by time:
     D:1: 310 daAuts
